 Dungeon Crawl Stone Soup version 0.26-a0-466-g989023bd0d (webtiles) character file.

Game seed: 6954328420563322872

4957 1player the Nimble (level 10, -6/82 HPs)
             Began as a Gnoll Monk on Aug 14, 2020.
             Was a Priest of Ashenzari.
             Mangled by Snorg (11 damage)
             ... on level 10 of the Dungeon.
             The game lasted 00:27:21 (10879 turns).

1player the Nimble (Gnoll Monk)                    Turns: 10879, Time: 00:27:22

Health: -6/82      AC: 10    Str: 15    XL:     10   Next: 53%
Magic:  18/18      EV: 12    Int: 13    God:    Ashenzari [***...]
Gold:   268        SH:  8    Dex: 25    Spells: 19/19 levels left

rFire    . . .     SeeInvis +   L - +1 trident (flame)
rCold    . . .     Faith    .   z - +1 buckler {reflect}
rNeg     . . .     Spirit   .   M - +0 chain mail (curse)
rPois    .         Reflect  +   (no helmet)
rElec    .         Harm     .   (no cloak)
rCorr    .                      Q - +0 pair of gloves
MR       .....                  (no boots)
Stlth    +.........             m - amulet of the acrobat
HPRegen  0.23/turn              F - +6 ring of dexterity
MPRegen  0.16/turn              (no ring)

@: hasted, lightly drained, very quick
A: distributed training, fangs 1, strong nose
a: Curse Item, Scrying, Renounce Religion


You were on level 10 of the Dungeon.
You worshipped Ashenzari.
Ashenzari was most pleased with you.
You visited 1 branch of the dungeon, and saw 10 of its levels.

You collected 609 gold pieces.
You spent 341 gold pieces at shops.

Inventory:

Hand Weapons
 v - a +0 rapier
 B - a +3 antimagic long sword
 L - a +1 trident of flaming (weapon)
Missiles
 x - 12 boomerangs (quivered)
 y - 6 atropa-tipped darts
 C - 5 curare-tipped darts
 H - 4 throwing nets
Armour
 z - a +1 buckler of reflection (worn)
 E - a +0 scale mail
 M - a cursed +0 chain mail (worn)
 Q - a +0 pair of gloves (worn)
 R - +1 steam dragon scales
Jewellery
 m - an amulet of the acrobat (around neck)
 F - a +6 ring of dexterity (left hand)
 T - an uncursed amulet of guardian spirit
Wands
 w - a wand of paralysis (8)
 J - a wand of flame (30)
 K - a wand of iceblast (4)
 O - a wand of polymorph (6)
Scrolls
 g - 5 scrolls of magic mapping
 r - 3 scrolls of teleportation
 s - 2 scrolls of fog
 t - 2 scrolls of amnesia
 u - 2 scrolls of fear
 I - a scroll of blinking {unknown}
 S - a scroll of remove curse {@r2}
 U - a scroll of vulnerability {unknown}
Potions
 h - 3 potions of curing {@q1}
 k - a potion of flight
 n - a potion of cancellation
 q - 2 potions of mutation {!q}
 D - a potion of invisibility
 G - 2 potions of brilliance
 P - a potion of resistance


   Skills:
 + Level 8.5(8.0) Fighting
 + Level 8.5(8.0) Short Blades
 + Level 5.3(4.8) Long Blades
 + Level 5.3(4.8) Axes
 + Level 5.3(4.8) Maces & Flails
 + Level 5.3(4.8) Polearms
 + Level 5.3(4.8) Staves
 + Level 5.3(4.8) Slings
 + Level 5.3(4.8) Bows
 + Level 5.3(4.8) Crossbows
 + Level 5.3(4.8) Throwing
 + Level 5.3(4.8) Armour
 + Level 8.5(8.0) Dodging
 + Level 6.9(6.3) Stealth
 + Level 5.3(4.8) Shields
 + Level 5.3(4.8) Unarmed Combat
 + Level 5.3(4.8) Spellcasting
 + Level 4.4(3.9) Conjurations
 + Level 4.4(3.9) Hexes
 + Level 4.4(3.9) Summonings
 + Level 4.4(3.9) Necromancy
 + Level 4.4(3.9) Translocations
 + Level 4.4(3.9) Transmutations
 + Level 4.4(3.9) Fire Magic
 + Level 4.4(3.9) Ice Magic
 + Level 4.4(3.9) Air Magic
 + Level 4.4(3.9) Earth Magic
 + Level 4.4(3.9) Poison Magic
 + Level 5.9(5.4) Invocations
 + Level 5.3(4.8) Evocations


You had 19 spell levels left.
You didn't know any spells.
Your spell library contained the following spells:

 Spells                   Type           Power        Failure   Level
 Leda's Liquefaction      Hex/Erth       ##........   100%        4
 Bolt of Magma            Conj/Fire/Erth ##........   100%        5
 Iron Shot                Conj/Erth      ##........   100%        6
 Statue Form              Tmut/Erth      ##.......    100%        6
 Shatter                  Erth           ##........   100%        9


Dungeon Overview and Level Annotations

Branches:
Dungeon (10/15)            Temple (0/1) D:4
   Lair: D:8-11         Orc: D:9-12

Altars:
Ashenzari
Dithmenos
Elyvilon
Fedhas
Gozag
Makhleb
Nemelex Xobeh
Okawaru
Ru
Sif Muna
Uskayaw
Wu Jian
The Shining One

Shops:
D:4 [   D:6 *   D:7 =   D:8 *

Annotations:
D:5 3 runed translucent doors, Valentain's ghost, novice OpIE
D:7 Menkaure
D:10 Snorg


Innate Abilities, Weirdness & Mutations

Your experience applies equally to all skills.
You have very sharp teeth.
Your uncanny sense of smell can sniff out nearby items.


Message History

Snorg bites you but does no damage. You block Snorg's attack.
Snorg barely misses you. You block Snorg's attack. Snorg misses you.
Snorg claws you but does no damage.
There is an open door here.
Snorg goes berserk!
Snorg rages.
Throwing (i - inventory. (/) - cycle)
x - 12 boomerangs (quivered)
Press: ? - help, Shift-Dir - straight line, f/p - Snorg
Aim: Snorg (heavily wounded, berserk)
You throw a boomerang. The boomerang hits Snorg!
Snorg is heavily wounded.
Snorg bites you!! Snorg barely misses you. Snorg claws you!
* * * LOW HITPOINT WARNING * * *
Unknown command.
Snorg rages.
You feel yourself speed up. Snorg closely misses you.
You block Snorg's attack. x2
Snorg bites you.
* * * LOW HITPOINT WARNING * * *
Snorg claws you!
You die...

, ######### #..# * *
##..#....#,**###+#..##### ,,
#...#.##.+ *#..........#
#...#.##.#,,*#..........# *
######..#....#####+###.###..# ,
##....#..'..........###.###..# *
.'....'..#..........#........#*,,
.#..#.#..#..........#........# ,
.#..#.#..#.....T@...((.......#
.#..#.#..'..........#........#
.#.[#.#..#......###[#<.......#*
##....#..#...)......##..######*,
###+##..########....#..#*{, ,
.... #....#...# * , ..... ,
,#....#...# , ......, *,,
#.##.#...# ,......, , , #( .#...#
,, *


You could see Snorg (berserk).

Vanquished Creatures
  Harold (D:8)
  Pikel (D:7)
  Maggie (D:9)
  Prince Ribbit (D:8)
  A hippogriff (D:7)
  2 water moccasins
  Duvessa (D:7)
  An ice beast (D:7)
  2 black bears
  A sky beast (D:8)
  An ogre (D:7)
  2 centaurs
  A big kobold (D:8)
  Blork the orc (D:5)
  3 bullfrogs
  Dowan (D:7)
  A scorpion (D:5)
  4 killer bees (D:7)
  7 wights
  4 howler monkeys
  2 jellies
  6 hounds
  4 orc wizards
  2 orc priests
  5 iguanas
  Jessica (D:2)
  9 worker ants
  A hound skeleton (D:8)
  3 worker ant zombies
  A howler monkey zombie (D:5)
  4 gnolls
  13 adders
  2 ufetubi
  An adder skeleton (D:4)
  2 worms (D:2)
  A dart slug (D:1)
  2 leopard geckos
  35 orcs
  2 ball pythons
  8 giant cockroaches
  8 goblins
  5 hobgoblins
  12 jackals
  11 kobolds
  2 quokkas
  7 bats
  3 frilled lizards (D:2)
  A quokka zombie (D:8)
  6 rats
196 creatures vanquished.

Notes
Turn   | Place    | Note
-------+----------+-------------------------------------------
     0 | D:1      | 1player the Gnoll Monk began the quest for the Orb.
     0 | D:1      | Reached XP level 1. HP: 23/23 MP: 1/1
   157 | D:1      | Reached XP level 2. HP: 29/29 MP: 2/2
   682 | D:1      | Reached XP level 3. HP: 35/35 MP: 3/3
  1158 | D:2      | Reached skill level 1 in Invocations
  1166 | D:2      | Found an iron altar of Okawaru.
  1239 | D:2      | Reached skill level 1 in Long Blades
  1239 | D:2      | Reached skill level 1 in Axes
  1239 | D:2      | Reached skill level 1 in Maces & Flails
  1239 | D:2      | Reached skill level 1 in Polearms
  1239 | D:2      | Reached skill level 1 in Staves
  1239 | D:2      | Reached skill level 1 in Slings
  1239 | D:2      | Reached skill level 1 in Bows
  1239 | D:2      | Reached skill level 1 in Crossbows
  1239 | D:2      | Reached skill level 1 in Throwing
  1239 | D:2      | Reached skill level 1 in Armour
  1239 | D:2      | Reached skill level 1 in Shields
  1239 | D:2      | Reached skill level 1 in Unarmed Combat
  1239 | D:2      | Reached skill level 1 in Spellcasting
  1239 | D:2      | Reached skill level 1 in Evocations
  1311 | D:2      | Reached XP level 4. HP: 32/41 MP: 5/5
  1393 | D:2      | Noticed Jessica
  1401 | D:2      | Killed Jessica
  1507 | D:2      | Reached skill level 1 in Conjurations
  1507 | D:2      | Reached skill level 1 in Hexes
  1507 | D:2      | Reached skill level 1 in Summonings
  1507 | D:2      | Reached skill level 1 in Necromancy
  1507 | D:2      | Reached skill level 1 in Translocations
  1507 | D:2      | Reached skill level 1 in Transmutations
  1507 | D:2      | Reached skill level 1 in Fire Magic
  1507 | D:2      | Reached skill level 1 in Ice Magic
  1507 | D:2      | Reached skill level 1 in Air Magic
  1507 | D:2      | Reached skill level 1 in Earth Magic
  1507 | D:2      | Reached skill level 1 in Poison Magic
  1589 | D:2      | Found a shattered altar of Ashenzari.
  1680 | D:2      | Became a worshipper of Ashenzari the Shackled
  1680 | D:2      | Reached * piety under Ashenzari
  1680 | D:2      | Reached ** piety under Ashenzari
  1933 | D:3      | Reached XP level 5. HP: 47/47 MP: 6/6
  2797 | D:4      | Found a staircase to the Ecumenical Temple.
  2866 | D:4      | Found a shadowy altar of Dithmenos.
  2925 | D:4      | Reached XP level 6. HP: 51/53 MP: 8/8
  3200 | D:4      | Found a sacrificial altar of Ru.
  3358 | D:4      | Noticed a water moccasin
  3377 | D:4      | Killed a water moccasin
  3534 | D:4      | Found an opulent altar of Gozag.
  3567 | D:4      | Reached XP level 7. HP: 56/59 MP: 10/10
  3593 | D:4      | Found an ornate altar of the Wu Jian Council.
  3704 | D:4      | Found Asumpubet's Antique Armour Boutique.
  3707 | D:4      | Bought a runed buckler for 157 gold pieces
  4216 | D:5      | Entered Level 5 of the Dungeon
  4222 | D:5      | Found a sparkling altar of Nemelex Xobeh.
  4232 | D:5      | Reached skill level 5 in Stealth
  4300 | D:5      | Noticed Blork the orc
  4321 | D:5      | Killed Blork the orc
  4470 | D:5      | Found a runed translucent gate.
  4474 | D:5      | Noticed Valentain's ghost (novice OpIE)
  4708 | D:5      | Found a runed translucent gate.
  4708 | D:5      | Found a runed translucent gate.
  4771 | D:5      | Reached XP level 8. HP: 66/67 MP: 12/12
  5242 | D:6      | Found Fos Tona's Assorted Antiques.
  5250 | D:6      | Bought a scroll labeled UZERON LEQESM for 23 gold pieces
  5481 | D:6      | Found an iron altar of Okawaru.
  5941 | D:6      | Reached *** piety under Ashenzari
  5944 | D:6      | Found a blossoming altar of Fedhas.
  5944 | D:6      | Found a shimmering blue altar of Sif Muna.
  6163 | D:6      | Found a burning altar of Makhleb.
  6269 | D:7      | Noticed Menkaure
  6804 | D:7      | Noticed a hippogriff
  6871 | D:7      | Killed a hippogriff
  6871 | D:7      | Reached XP level 9. HP: 41/73 MP: 14/14
  7194 | D:7      | Found Mihennil's Jewellery Emporium.
  7194 | D:7      | Noticed Duvessa
  7194 | D:7      | Noticed Dowan
  7211 | D:7      | Killed Duvessa
  7215 | D:7      | Killed Dowan
  7333 | D:7      | Noticed Pikel
  7368 | D:7      | Killed Pikel
  7493 | D:7      | Noticed a +0 dagger
  7493 | D:7      | Noticed a -2 hand axe
  7497 | D:7      | Found a hide-covered altar of Uskayaw.
  7686 | D:8      | Noticed Prince Ribbit
  7710 | D:8      | Killed Prince Ribbit
  7898 | D:8      | Reached skill level 5 in Invocations
  8254 | D:8      | Found a glowing golden altar of the Shining One.
  8294 | D:8      | Noticed Harold
  8347 | D:8      | Killed Harold
  8347 | D:8      | Reached skill level 5 in Long Blades
  8347 | D:8      | Reached skill level 5 in Axes
  8347 | D:8      | Reached skill level 5 in Maces & Flails
  8347 | D:8      | Reached skill level 5 in Polearms
  8347 | D:8      | Reached skill level 5 in Staves
  8347 | D:8      | Reached skill level 5 in Slings
  8347 | D:8      | Reached skill level 5 in Bows
  8347 | D:8      | Reached skill level 5 in Crossbows
  8347 | D:8      | Reached skill level 5 in Throwing
  8347 | D:8      | Reached skill level 5 in Armour
  8347 | D:8      | Reached skill level 5 in Shields
  8347 | D:8      | Reached skill level 5 in Unarmed Combat
  8347 | D:8      | Reached skill level 5 in Spellcasting
  8347 | D:8      | Reached skill level 5 in Evocations
  8347 | D:8      | Reached XP level 10. HP: 51/81 MP: 15/17
  8784 | D:8      | Found Keyq's General Store.
  8794 | D:8      | Bought a cursed +0 chain mail for 21 gold pieces
  8794 | D:8      | Bought a potion of haste for 140 gold pieces
  9842 | D:9      | Found a white marble altar of Elyvilon.
 10126 | D:9      | Noticed Maggie
 10144 | D:9      | Killed Maggie
 10749 | D:10     | Entered Level 10 of the Dungeon
 10780 | D:10     | Noticed Snorg
 10879 | D:10     | Mangled by Snorg

Illustrated notes

Levels and vault maps discovered:
D:1:      noname_arrival_rooms_in_the_neighbourhood, layout_basic
D:2:      layout_rooms, kennysheep_okawaru_gauntlet, evilmike_ruin_ashenzari,
          uniq_jessica
D:3:      layout_loops_corners
D:4:      minmay_octagon_keep, layout_loops_ring,
          nicolae_overflow_crystal_walls, overflow_temple_1_default,
          hangedman_ru_absence, grunt_gozag_statues,
          minmay_temple_entry_statues, serial_shops, nicolae_shop_behind_doors
D:5:      layout_cave_pools, nemelex_xobeh_ov_fountains_minmay,
          gammafunk_ghost_necromancy, uniq_blork_the_orc
D:6:      layout_basic, demons_altar, gammafunk_temple_overflow_elements,
          serial_shops, shop, basic_altar, serial_bayou_ford_a
D:7:      layout_loops_cross, dancing_weapons_uskayaw, serial_shops, shop,
          nicolae_wand_duel, chequers_serial_rivers_small_3,
          chequers_mini_garden, uniq_pikel, uniq_duvessa, uniq_menkaure
D:8:      layout_basic, tso_oasis_becter, serial_shops, nicolae_shop_waterfront,
          moated_statue, uniq_prince_ribbit1, uniq_harold
D:9:      layout_cross, elyvilon_altar_4, uniq_maggie
D:10:     layout_stronghold, david_lair_generic, uniq_snorg

Skill      XL: |  1  2  3  4  5  6  7  8  9 |
---------------+----------------------------+-----
Invocations    | 1 2 3 4 5 |  5.9
Long Blades    | 1 2 3 5 |  5.3
Axes           | 1 2 3 5 |  5.3
Maces & Flails | 1 2 3 5 |  5.3
Polearms       | 1 2 3 5 |  5.3
Staves         | 1 2 3 5 |  5.3
Slings         | 1 2 3 5 |  5.3
Bows           | 1 2 3 5 |  5.3
Crossbows      | 1 2 3 5 |  5.3
Throwing       | 1 2 3 5 |  5.3
Armour         | 1 2 3 5 |  5.3
Shields        | 1 2 3 5 |  5.3
Unarmed Combat | 1 2 3 5 |  5.3
Spellcasting   | 1 2 3 5 |  5.3
Evocations     | 1 2 3 5 |  5.3
Conjurations   | 1 2 3 4 |  4.4
Hexes          | 1 2 3 4 |  4.4
Summonings     | 1 2 3 4 |  4.4
Necromancy     | 1 2 3 4 |  4.4
Translocations | 1 2 3 4 |  4.4
Transmutations | 1 2 3 4 |  4.4
Fire Magic     | 1 2 3 4 |  4.4
Ice Magic      | 1 2 3 4 |  4.4
Air Magic      | 1 2 3 4 |  4.4
Earth Magic    | 1 2 3 4 |  4.4
Poison Magic   | 1 2 3 4 |  4.4
Fighting       | 7 8 |  8.5
Short Blades   | 7 8 |  8.5
Dodging        | 7 8 |  8.5
Stealth        | 5 6 |  6.9

Action                   |  1- 3 |  4- 6 |  7- 9 | 10-12 || total
-------------------------+-------+-------+-------+-------++-------
Melee: Short sword       |    87 |   147 |       |       ||   234
       Bite              |    10 |    20 |    55 |    21 ||   106
       Rapier            |       |    50 |   360 |    22 ||   432
       Trident           |       |       |       |   125 ||   125
Throw: Dart              |    24 |    35 |   143 |    47 ||   249
       Boomerang         |       |       |     3 |     2 ||     5
Evoke: Wand              |       |       |     3 |       ||     3
  Use: Scroll            |     1 |     8 |     7 |     3 ||    19
       Potion            |       |     1 |     6 |     2 ||     9
 Stab: Sleeping          |     4 |     4 |     3 |       ||    11
Armor: Robe              |     7 |       |       |       ||     7
       Ring mail         |    10 |    46 |     9 |       ||    65
       Skin              |       |       |    27 |     6 ||    33
       Scale mail        |       |       |    34 |     3 ||    37
       Chain mail        |       |       |       |    41 ||    41
Dodge: Dodged            |    53 |   144 |   194 |   127 ||   518
Block: Buckler           |       |       |   105 |    92 ||   197
       Reflection        |       |       |     5 |    10 ||    15

Table legend: (Time is in decaauts)
 A = Elapsed time spent in this place.
 B = Non-inter-level travel time spent in this place.
 C = Inter-level travel time spent in this place.
 D = Time resting spent in this place.
 E = Time spent auto-exploring this place.
 F = Levels seen in this place.
 G = Mean time per level.
                   A        B        C        D        E       F      G
               +--------+--------+--------+--------+--------+-----+--------+
         Total |  10738 |  10263 |    475 |   2199 |   4982 |  10 | 1073.8 |
       Dungeon |  10738 |  10263 |    475 |   2199 |   4982 |  10 | 1073.8 |
               +--------+--------+--------+--------+--------+-----+--------+

Top non-repeatable levels by time:
     D:8: 1972 daAuts
     D:4: 1482 daAuts
     D:7: 1331 daAuts
     D:6: 1255 daAuts
     D:1: 1079 daAuts
     D:9: 1076 daAuts
     D:5: 823 daAuts
     D:2: 809 daAuts
     D:3: 779 daAuts
    D:10: 128 daAuts
